cohdb
Replays
Latest Replays
All Replays
Popular Replays
Top Player Replays
Match Explorer
How It Works
Community
CoH3 Stats
Reddit
Sign in to upload your games and track your stats! →
Sign in with Steam
Match 43793750
Unlisted
Match 43793750
Overview
Messages
Build Orders
End
Pioneer Squad
Construct Infanterie Kompanie
Selects Breakthrough Battlegroup
Selects Assault Grenadiers
Grenadier Squad
Grenadier Squad
GrW 34 Mortar Team
Construct Luftwaffe Kompanie
Medical Bunker
Selects Rapid Production
221 Scout Car
Infanterie Officer Quarters
Flak 30 Anti-aircraft Gun Team
Support Elements
Jäger Squad
Selects Smoke Bombing Run
Construct Panzergrenadier Kompanie
Smoke Bombing Run
Marder III M Tank Destroyer
Jäger Squad
251 Medium Carrier
Selects Blitzkrieg
Luftwaffe Officer Quarters
Marder III M Tank Destroyer
bigcheese
Gendalf
Liet
did u guys freeze
Strategist
YouAreDead
FUBAR
jaws2005
0
0
Comments
sign in to comment!
No comments posted yet!